 Dungeon Crawl Stone Soup version 0.27.0-1-g7a089689b8 (console) character file.

Game seed: 3021218467831470568

4 jejorda2 the Vexing (level 1, 0/15 HPs)
             Began as a Merfolk Arcane Marksman on Aug 2, 2021.
             Succumbed to an adder's poison
             ... on level 2 of the Dungeon.
             The game lasted 00:00:56 (355 turns).

jejorda2 the Vexing (Merfolk Arcane Marksman)        Turns: 355, Time: 00:00:57

Health: 0/15       AC:  2    Str: 10    XL:     1   Next: 60%
Magic:  2/2        EV: 12    Int: 12    God:
Gold:   18         SH:  0    Dex: 14    Spells: 1/2 levels left

rFire    . . .     SeeInvis .   d - +0 dagger
rCold    . . .     Faith    .   (no shield)
rNeg     . . .     Spirit   .   a - +0 robe
rPois    .         Reflect  .   (no helmet)
rElec    .         Harm     .   (no cloak)
rCorr    .         Rampage  .   (no gloves)
Will     .....                  (no boots)
Stlth    +.........             (no amulet)
HPRegen  0.05/turn              (no ring)
MPRegen  0.08/turn              (no ring)

@: lethally poisoned (0 -> -7)
A: (nimble swimmer 2), mertail
a: no special abilities


You were on level 2 of the Dungeon.
You visited 1 branch of the dungeon, and saw 2 of its levels.

You collected 18 gold pieces.

Inventory:

Hand Weapons
 d - a +0 dagger (weapon)
Missiles
 b - 4 javelins (quivered)
 c - 2 throwing nets
Armour
 a - a +0 robe (worn)
Jewellery
 f - a +6 ring of intelligence
Potions
 e - a potion of heal wounds {unknown}


   Skills:
 + Level 1.4 Fighting
 - Level 2.0 Throwing
 + Level 0.3 Armour
 - Level 2.6 Dodging
 - Level 1.0 Spellcasting
 - Level 3.0 Hexes


You had one spell level left.
You knew the following spells:

 Your Spells              Type           Power      Damage    Failure   Level
a - Corona                Hex            7%         N/A       9%          1

Your spell library contained the following spells:

 Spells                   Type           Power      Damage    Failure   Level
 Slow                     Hex            7%         N/A       13%         2
 Inner Flame              Hex/Fire       4%         N/A       43%         3
 Portal Projectile        Hex/Tloc       8%         N/A       43%         3
 Cause Fear               Hex            3%         N/A       65%         4


Dungeon Overview and Level Annotations

Branches:
Dungeon (1/15)

Altars:


Innate Abilities, Weirdness & Mutations

((You are quick and stealthy near water. (Stealth+, EV+, Speed+++)))
Your lower body shifts to a powerful aquatic tail in water.


Message History

The endoplasm is severely wounded.
The endoplasm barely misses you.
You barely miss the endoplasm.
The endoplasm is severely wounded.
The endoplasm closely misses you.
You hit the endoplasm.
You kill the endoplasm!
b - 4 javelins (gained 1)
You see here a goblin corpse.
e - a murky purple potion
f - a +6 ring of intelligence An adder comes into view.
The adder closely misses you.
You hit the adder.
The adder is lightly wounded.
The adder completely misses you.
You hit the adder.
The adder is moderately wounded.
The adder misses you.
You barely miss the adder.
The adder is moderately wounded.
The adder bites you.
You are poisoned.
The adder poisons you! The adder barely misses you.
You hit the adder but do no damage.
The adder is moderately wounded.
You feel sick. The adder barely misses you.
You closely miss the adder.
The adder is moderately wounded.
You feel sick. The adder bites you.
* * * LOW HITPOINT WARNING * * *
You are lethally poisoned!
The adder poisons you!
You hit the adder.
The adder is severely wounded.
* * * LOW HITPOINT WARNING * * *
You feel sick. The adder closely misses you. The adder misses you.
You hit the adder.
You kill the adder!
You die...

#.# #.# #.# #
#.# ##. . #..
..... #.##.#.#
#.####.#...##..
#......@.......
######.#...####
#.......##
#.##....#
#.#####.# #.#
.# #.# .# #.#
.# ##.#


There were no monsters in sight!

Vanquished Creatures
  An adder (D:2)
  An endoplasm (D:2)
  A goblin (D:2)
  A ball python (D:2)
  A rat (D:2)
5 creatures vanquished.

Notes
Turn   | Place    | Note
-------+----------+-------------------------------------------
     0 | D:1      | jejorda2 the Merfolk Arcane Marksman began the quest for
                  | the Orb.
     0 | D:1      | Reached XP level 1. HP: 15/15 MP: 2/2
    14 | D:1      | Found a faded altar of an unknown god.
    14 | D:1      | You fall into a shaft and drop 1 floor!
   355 | D:2      | Succumbed to an adder's poison

Illustrated notes

Levels and vault maps discovered:
D:1:      mrwooster_arrival_statue_2, layout_basic,
          chequers_ecumenical_altar_island, minmay_misc_feat_alley
D:2:      layout_loops_ring

Action                   || total
-------------------------++-------
Melee: Dagger            ||    11
       Unarmed           ||    11
Throw: Javelin           ||     2
Dodge: Dodged            ||    15
